 Dungeon Crawl Stone Soup version 0.20.0-8-g6b59dc7 (webtiles) character file.

10217 anfisbena the Cruncher (level 11, -2/135 HPs)
             Began as a Formicid Fighter on June 2, 2017.
             Was an Elder of Makhleb.
             Slain by Rekenzichi's ghost (16 damage)
             ... on level 11 of the Dungeon.
             The game lasted 00:19:53 (13390 turns).

anfisbena the Cruncher (Formicid Fighter)          Turns: 13390, Time: 00:19:53

Health: -2/135     AC: 32    Str: 24 (26) XL:     11   Next: 88%
Magic:  11/11      EV:  2    Int:  7      God:    Makhleb [****..]
Gold:   1012       SH: 16    Dex: 17      Spells: 10/10 levels left

rFire    . . .     SeeInvis .   s - +2 quarterstaff (protect)
rCold    . . .     Gourm    .   E - +3 shield "Lafupn" {-Tele Dex+4}
rNeg     + + +     Faith    .   (armour currently unavailable)
rPois    +         Spirit   .   (helmet unavailable)
rElec    .         Reflect  +   (cloak currently unavailable)
rCorr    .         Harm     .   (gloves currently unavailable)
MR       +....                  (boots currently unavailable)
Stlth    ++........             D - +2 amulet of reflection
Regen    0.4/turn               l - ring of positive energy
MPRegen  0.2/turn               y - +2 ring of strength

@: tree-form, protection aura
A: permanent stasis, dig shafts and tunnels, four strong arms, deterioration 1,
strong 1, no potion heal 1
a: Minor Destruction, Lesser Servant of Makhleb, Major Destruction, Renounce
Religion


You were on level 11 of the Dungeon.
You worshipped Makhleb.
Makhleb was greatly pleased with you.
You were hungry.
You were a tree.
You visited 2 branches of the dungeon, and saw 12 of its levels.
You also visited: Bailey.

You collected 1012 gold pieces.

Inventory:

Hand Weapons
 s - a +2 quarterstaff of protection (weapon)
Armour
 a - a +0 pair of gloves (melded)
 c - +0 gold dragon scales (melded)
 v - a scarf of repulsion (melded)
 E - the +3 shield "Lafupn" (worn) {-Tele Dex+4}
   (You found it in a bailey)

   It affects your dexterity (+4).
   It prevents most forms of teleportation.
Jewellery
 l - a ring of positive energy (left branch)
 y - a +2 ring of strength (right branch)
 D - a +2 amulet of reflection (around neck)
Wands
 m - a wand of iceblast (7/15)
 t - a wand of polymorph (16/24)
 C - a wand of scattershot (7/9)
Scrolls
 b - 2 scrolls of recharging
 e - 3 scrolls of enchant armour
 j - 5 scrolls of amnesia
 n - 2 scrolls of remove curse
 o - 2 scrolls of enchant weapon
 z - a scroll of fog
Potions
 d - a potion of resistance
 g - a potion of mutation
 k - a potion of cancellation {unknown}
 u - a potion of brilliance {unknown}
 w - a potion of haste {unknown}
 x - 6 potions of curing
Comestibles
 f - 15 bread rations
 h - 6 royal jellies
 i - 4 fruits
 p - 3 meat rations
 q - 9 chunks of flesh


   Skills:
 - Level 10.0 Fighting
 - Level 14.0 Staves
 + Level 5.8 Armour
 + Level 6.4 Shields


You had 10 spell levels left.
You didn't know any spells.

Dungeon Overview and Level Annotations

Branches:
Dungeon (11/15)            Temple (1/1) D:4            Lair (0/6) D:11
    Orc (0/2) D:10

Altars:
Ashenzari
Cheibriados
Dithmenos
Elyvilon
Fedhas
Gozag
Hepliaklqana
Kikubaaqudgha
Makhleb
Nemelex Xobeh
Okawaru
Qazlal
Ru
Sif Muna
Trog
Uskayaw
Vehumet
Xom
Yredelemnul
Zin
The Shining One

Shops:
D:4 [   D:9 [   D:11 (

Annotations:
D:11 Rekenzichi's ghost, journeyman DrGl


Innate Abilities, Weirdness & Mutations

You cannot be hasted, slowed, berserked, paralysed or teleported.
You can dig through walls and to a lower floor.
Your four strong arms can wield two-handed weapons with a shield.
((You have a pair of large antennae on your head. (SInv)))
((You have large cloven feet.))
((You are partially covered in thin metallic scales. (AC +2)))
((Your flesh is cold resistant. (rC+)))
Your body sometimes deteriorates upon taking damage.
Your muscles are strong. (Str +2)
Potions are less effective at restoring your health.


Message History

Okay, then.
You closely miss the orc priest.
The orc priest is heavily wounded.
The orc priest looks satisfied for a moment.
You block Rekenzichi's ghost's attack.
The orc priest hits you but does no damage.
You sock the orc priest!
You kill the orc priest!
Makhleb accepts your kill.
You feel better. The orc hits you but does no damage.
You block the orc's attack.
Rekenzichi's ghost hits you but does no damage.
You barely miss the orc priest. You block the orc's attack.
The orc priest hits you but does no damage.
You block the orc's attack.
You bludgeon the orc priest!!
You kill the orc priest!
Makhleb accepts your kill.
You feel better. Rekenzichi's ghost hits you!
You die...

###.......#####
...............
...............
...............
...............
...............
...............
......o♣o....#
......)W)....#
###.####.######
.............#
.........|......#
................#
...............#
.. ..............#
#..##.####..######


You could see Rekenzichi's ghost and 2 orcs.

Vanquished Creatures
  2 two-headed ogres
  3 unseen horrors
  Pikel (D:3)
  A gargoyle (D:10)
  A troll (D:11)
  Grinder (D:5)
  Sigmund (D:4)
  A spriggan (D:8)
  A hungry ghost (D:7)
  Edmund (D:5)
  A water moccasin (D:9)
  Duvessa (D:5)
  6 orc warriors
  6 ice beasts
  3 sky beasts
  A black bear (D:7)
  2 eyes of draining
  4 wolves (D:11)
  3 ogres
  A phantom (D:9)
  A necrophage (D:8)
  6 centaurs
  Blork the orc (D:5)
  A big kobold (D:9)
  3 bullfrogs
  Dowan (D:5)
  6 scorpions
  5 killer bees (D:9)
  A howler monkey (D:6)
  5 electric eels (D:6)
  4 crimson imps
  A centaur zombie (D:9)
  8 orc priests
  4 centaur skeletons
  4 hounds
  A jelly (D:5)
  A bullfrog skeleton (D:7)
  An iguana (D:6)
  Ijyb (D:4)
  4 orc wizards
  4 worker ants
  2 hound skeletons
  A howler monkey zombie (D:8)
  Robin (D:4)
  11 adders
  4 gnolls
  5 shadow imps
  A white imp (D:7)
  2 oozes (D:3)
  2 adder skeletons
  5 worms
  4 dart slugs
  5 leopard geckos
  43 orcs
  8 bats
  3 giant cockroaches
  21 goblins
  12 hobgoblins
  17 jackals
  9 quokkas
  3 ball pythons
  5 frilled lizards
  14 kobolds
  A quokka zombie (D:5)
  9 rats
292 creatures vanquished.

Vanquished Creatures (others)
  2 centaurs (D:10)
  3 orcs (D:4)
  A hobgoblin (D:4)
  2 goblins (D:4)
8 creatures vanquished.

Grand Total: 300 creatures vanquished

Notes
Turn   | Place    | Note
-------+----------+-------------------------------------------
     0 | D:1      | anfisbena the Formicid Fighter began the quest for the Orb.
     0 | D:1      | Reached XP level 1. HP: 18/18 MP: 1/1
   261 | D:1      | Reached XP level 2. HP: 24/24 MP: 2/2
   384 | D:1      | Reached XP level 3. HP: 14/29 MP: 3/3
   391 | D:1      | Reached skill level 3 in Staves
  1287 | D:2      | Reached XP level 4. HP: 37/37 MP: 4/4
  1648 | D:2      | Reached skill level 4 in Staves
  1746 | D:2      | Reached XP level 5. HP: 42/42 MP: 5/5
  2018 | D:2      | Found a shadowy altar of Dithmenos.
  2181 | D:2      | Found an opulent altar of Gozag.
  2995 | D:3      | Reached XP level 6. HP: 50/50 MP: 6/6
  3312 | D:4      | Noticed an ogre
  3321 | D:4      | Killed an ogre
  3321 | D:4      | Reached skill level 5 in Fighting
  3321 | D:4      | Reached skill level 5 in Staves
  3526 | D:4      | Noticed an ogre
  3528 | D:4      | Found a staircase to the Ecumenical Temple.
  3536 | D:4      | Killed an ogre
  3536 | D:4      | Reached XP level 7. HP: 27/56 MP: 7/7
  3739 | Temple   | Entered the Ecumenical Temple
  3932 | Temple   | Became a worshipper of Makhleb the Destroyer
  3991 | D:4      | Found a snail-covered altar of Cheibriados.
  4011 | D:4      | Noticed Sigmund
  4020 | D:4      | Killed Sigmund
  4020 | D:4      | Reached skill level 6 in Staves
  4060 | D:4      | Found Icsyamn's Armour Emporium.
  4063 | D:4      | Noticed Pikel
  4164 | D:4      | Gained mutation: You have large cloven feet. [potion of mutation]
  4164 | D:4      | Gained mutation: Your muscles are strong. (Str +2) [potion of mutation]
  4207 | D:3      | Killed Pikel
  4207 | D:3      | Reached skill level 8 in Staves
  4207 | D:3      | Reached XP level 8. HP: 17/65 MP: 8/8
  4609 | D:4      | Noticed Robin
  4626 | D:4      | Killed Robin
  4657 | D:4      | Reached * piety under Makhleb
  4756 | D:4      | Noticed Ijyb
  4763 | D:4      | Killed Ijyb
  5045 | D:5      | Entered Level 5 of the Dungeon
  5217 | D:5      | Reached XP level 9. HP: 67/72 MP: 9/9
  5391 | D:5      | Noticed Duvessa
  5392 | D:5      | Noticed Dowan
  5394 | D:5      | Noticed Grinder
  5409 | D:5      | Killed Duvessa
  5409 | D:5      | Reached skill level 9 in Staves
  5423 | D:5      | Killed Dowan
  5438 | D:5      | Killed Grinder
  5691 | D:5      | Noticed Blork the orc
  5698 | D:5      | Killed Blork the orc
  5836 | D:5      | Gained mutation: Your flesh is cold resistant. (rC+) [mutagenic meat]
  5837 | D:5      | Gained mutation: You are partially covered in thin metallic scales. (AC +2) [mutagenic meat]
  5873 | D:5      | Reached skill level 10 in Staves
  6212 | D:5      | Noticed Edmund
  6242 | D:5      | Killed Edmund
  6248 | D:5      | Got a faintly glowing ring mail
  6259 | D:5      | Identified the cursed +1 ring mail of the Princeling {Regen+ MP-9 Stlth+} (You took it off Edmund on level 5 of the Dungeon)
  6444 | D:6      | Reached ** piety under Makhleb
  6843 | D:6      | Reached XP level 10. HP: 82/82 MP: 10/10
  7314 | D:6      | Reached skill level 11 in Staves
  8753 | D:7      | Noticed an unseen horror
  8760 | D:7      | Killed an unseen horror
  8838 | D:7      | Got a flickering tin ring
  8858 | D:7      | Found a flagged portal.
  8867 | Bailey   | Entered a bailey
  8869 | Bailey   | Identified the ring of the Snail {+Fly rF- rN++ MP+9 Int+4} (You found it on level 7 of the Dungeon)
  8960 | Bailey   | Reached skill level 10 in Fighting
  9258 | Bailey   | Reached skill level 12 in Staves
  9276 | Bailey   | Noticed an orc knight
  9529 | Bailey   | Got a jewelled shield
  9540 | Bailey   | Identified the +3 shield "Lafupn" {-Tele Dex+4} (You found it in a bailey)
  9763 | D:7      | Noticed an unseen horror
  9782 | D:7      | Killed an unseen horror
 10148 | D:8      | Reached *** piety under Makhleb
 10313 | D:8      | Found a hide-covered altar of Uskayaw.
 10546 | D:8      | Reached XP level 11. HP: 90/90 MP: 11/11
 10552 | D:8      | Found a blossoming altar of Fedhas.
 10955 | D:8      | Reached skill level 13 in Staves
 11196 | D:9      | Found a shattered altar of Ashenzari.
 11447 | D:9      | Found Fysev's Armour Emporium.
 11589 | D:9      | Reached **** piety under Makhleb
 11794 | D:9      | Noticed a two-headed ogre
 11804 | D:9      | Killed a two-headed ogre
 11804 | D:9      | Reached skill level 14 in Staves
 12209 | D:10     | Entered Level 10 of the Dungeon
 12210 | D:10     | Found a staircase to the Orcish Mines.
 12297 | D:10     | Gained mutation: Potions are less effective at restoring your health. [mutagenic meat]
 12298 | D:10     | Gained mutation: Your body sometimes deteriorates upon taking damage. [mutagenic meat]
 12338 | D:10     | Found an ancient bone altar of Kikubaaqudgha.
 12378 | D:10     | Noticed an unseen horror
 12413 | D:10     | Killed an unseen horror
 12539 | D:10     | Noticed a two-headed ogre
 12551 | D:10     | Killed a two-headed ogre
 12551 | D:10     | Reached skill level 5 in Shields
 12783 | D:10     | Reached skill level 5 in Armour
 13326 | D:11     | Found a staircase to the Lair.
 13330 | D:11     | Noticed Rekenzichi's ghost (journeyman DrGl)
 13346 | D:11     | Found Baloigh's Antique Weapon Shoppe.
 13384 | D:11     | HP: 5/135 [orc priest/divine providence (14)]
 13390 | D:11     | Slain by Rekenzichi's ghost

Skill      XL: |  1  2  3  4  5  6  7  8  9 10 11 |
---------------+----------------------------------+-----
Staves         | 3 4 5 8 10 12 14 | 14.0
Fighting       | 4 5 6 7 8 10 | 10.0
Shields        | 6 |  6.4
Armour         | 5 |  5.8

Action                   |  1- 3 |  4- 6 |  7- 9 | 10-12 || total
-------------------------+-------+-------+-------+-------++-------
Melee: Quarterstaff      |    85 |   189 |   298 |   578 ||  1150
       Kick              |       |       |    71 |   190 ||   261
 Abil: Dig               |       |       |       |     3 ||     3
  Use: Scroll            |     1 |       |     4 |     7 ||    12
       Potion            |       |       |     5 |     1 ||     6
  Eat: Chunk             |     1 |     8 |    12 |    24 ||    45
       Fruit             |       |       |       |     1 ||     1
Armor: Scale mail        |    25 |    83 |   101 |       ||   209
       Plate armour      |       |       |    17 |    91 ||   108
       Ring mail         |       |       |    11 |       ||    11
       Gold dragon scale |       |       |       |   193 ||   193
       Skin              |       |       |       |    10 ||    10
Dodge: Dodged            |    24 |    57 |    79 |    52 ||   212
       Deflected         |       |       |       |     4 ||     4
Block: Shield            |    50 |   113 |   175 |   359 ||   697
       Reflection        |       |       |       |    10 ||    10
